 Dungeon Crawl Stone Soup version 0.15.0-12-gccce430 (webtiles) character file.

542304 RobertPalmer the Acrobat (level 27, -1/219 HPs)
             Began as a Human Death Knight on Sept 1, 2014.
             Was the Champion of Yredelemnul.
             Killed from afar by an orb of fire (8 damage)
             ... with a fireball
             ... on Level 5 of the Realm of Zot.
             The game lasted 05:35:26 (64972 turns).

RobertPalmer the Acrobat (Human Death Knight)      Turns: 64972, Time: 05:35:27

HP  -1/219       AC 28     Str 14      XL: 27
MP   2/30        EV 41     Int 14 (15) God: Yredelemnul [******]
Gold 3453        SH  0     Dex 23      Spells:  0 memorised, 26 levels left

rFire  + . .     SeeInvis +     a - +8 lajatang of Termination {flame, Str+1 Dex-4 Int+3}
rCold  . . .     Clarity  .     e - +5 mottled dragon armour "Veapec" {+Rage rF+ MR+}
rNeg   + . .     rCorr    .     (no shield)
rPois  +         rRot     .     E - +2 hat
rElec  +         Spirit   .     h - +0 cloak {rPois}
SustAb .         Warding  .     G - +2 pair of gloves {Dex+3}
rMut   .         Stasis   .     O - +2 pair of boots {run}
Gourm  .                        f - amulet of the Air {Inacc +Fly rElec EV+5 RMsl}
MR     +++..                    L - +4 ring of slaying
                                t - ring of Shadows {Umbra +Inv rN+ SInv}

@: about to teleport, wreathed by umbra, repel missiles, quick, extremely
resistant to hostile enchantments, unstealthy
A: hooves 1, blurry vision 1, low mp 2, screaming 2, weak 1, forlorn, placid
magic 1
a: Animate Dead, Recall Undead Slaves, Injury Mirror, Drain Life, Enslave Soul,
Renounce Religion, Evoke Berserk Rage, Evoke Invisibility, Evoke Flight
}: 3/15 runes: decaying, silver, gossamer


You were on level 5 of the Realm of Zot.
You worshipped Yredelemnul.
Yredelemnul was exalted by your worship.
You were hungry.

You visited 10 branches of the dungeon, and saw 58 of its levels.
You visited the Abyss 2 times.
You visited 1 Ziggurat, and saw 4 of its levels.
You also visited: Labyrinth, Bailey, Ice Cave and Wizlab.

You collected 8452 gold pieces.
You spent 4999 gold pieces at shops.


Innate Abilities, Weirdness & Mutations

You have large cloven feet.
Your vision is a little blurry.
Your magical capacity is very low (-20% MP).
You sometimes yell uncontrollably at your foes.
You are weak. (Str -2)
You have difficulty communicating with the divine.
Your spells are a little easier to cast, but a little less powerful.


   Skills:
 + Level 18.7 Fighting
   Level 10.6(14.3) Polearms
 - Level 15.7(16.7) Staves
 + Level 20.0 Armour
 - Level 25.6 Dodging
 - Level 14.0 Invocations


You had 26 spell levels left.
You didn't know any spells.

Inventory:

Hand weapons
 a - the +8 lajatang of Termination (weapon) {flame, Str+1 Dex-4 Int+3}
   (You found it on level 4 of the Lair of Beasts)

   It emits flame when wielded, causing extra injury to most foes and up to
   double damage against particularly susceptible opponents.
   Big, fiery blades are also staple armaments of hydra-hunters.
   It affects your strength (+1).
   It affects your intelligence (+3).
   It affects your dexterity (-4).
 b - the +10 blowgun "Blienirro" {evade, rC+ Dex+2 SInv}
   (You found it on level 3 of the Elven Halls)

   It affects your evasion (+5 to EV).
   It affects your dexterity (+2).
   It protects you from cold.
   It enhances your eyesight.
Missiles
 D - 8 curare-tipped needles
Armour
 e - the +5 mottled dragon armour "Veapec" (worn) {+Rage rF+ MR+}
   (You bought it in a shop on level 4 of the Orcish Mines)

   It protects you from fire.
   It affects your resistance to hostile enchantments.
   It lets you go berserk.
 h - a +0 cloak of poison resistance (worn)
 o - the +3 ring mail of the Twelve Seas {rC+ Dex+4 Slay+3}
   (You bought it in a shop on level 4 of the Orcish Mines)

   It affects your dexterity (+4).
   It affects your accuracy and damage with ranged weapons and melee attacks
   (+3).
   It protects you from cold.
 E - a +2 hat (worn)
 G - a +2 pair of gloves of dexterity (worn)
 O - a +2 pair of boots of running (worn)
Magical devices
 i - a wand of digging (13)
 y - a wand of teleportation (3) {!d}
 H - a wand of heal wounds (4) {!d}
 P - a wand of hasting (6) {!d}
 U - a wand of teleportation (5) {!d}
 W - a wand of teleportation (6) {!d}
Comestibles
 c - 32 bread rations
 g - 14 meat rations
Scrolls
 j - 9 scrolls of fear
 l - 3 scrolls of recharging
 p - 5 scrolls of immolation {!r}
 q - 2 scrolls of fog
 s - 24 scrolls of teleportation
 C - 2 scrolls of blinking
 J - 23 scrolls of remove curse
 Q - 2 scrolls of magic mapping
 R - 3 scrolls of identify
Jewellery
 f - the amulet of the Air (around neck) {Inacc +Fly rElec EV+5 RMsl}
   (You found it on level 5 of the Vaults)

   [amulet of inaccuracy]

   It reduces the accuracy of all your attacks.
   It affects your evasion (+5).
   It insulates you from electricity.
   It lets you fly.
   It protects you from missiles.
 t - the ring of Shadows (left hand) {Umbra +Inv rN+ SInv}
   (You found it on level 5 of the Vaults)

   [ring of invisibility]

   It protects you from negative energy.
   It enhances your eyesight.
   It lets you turn invisible.
 L - a +4 ring of slaying (right hand)
Potions
 k - 3 potions of restore abilities
 n - a potion of cure mutation
 r - 5 potions of berserk rage
 z - a potion of magic
 A - 3 potions of invisibility
 F - 3 potions of agility
 I - 3 potions of resistance
 M - 4 potions of haste
 N - 2 potions of porridge
 V - a potion of mutation {!q}
 Y - 10 potions of curing
 Z - 3 potions of might
Miscellaneous
 u - a fan of gales
 v - a phial of floods
 X - a lamp of fire (inert)

Dungeon Overview and Level Annotations

Branches:
Dungeon (15/15)            Temple (0/1) D:5             Orc (4/4) D:9
    Elf (3/3) Orc:4          Lair (8/8) D:9           Swamp (5/5) Lair:5
 Spider (5/5) Lair:6        Slime (0/6) Lair:6       Vaults (5/5) D:13
  Crypt (3/3) Vaults:2       Tomb (0/3) Crypt:3      Depths (5/5) D:15
    Zot (5/5) Depths:5

Altars:
Ashenzari
Cheibriados
Dithmenos
Kikubaaqudgha
Makhleb
Okawaru
Vehumet
Yredelemnul
The Shining One
Beogh
Lugonu

Shops:
D:7 (   D:11 *   D:12 *   Orc:2 [   Orc:4 !?[*![}%   Elf:1 *}:?*   Elf:2 [
Depths:1 ?

Portals:
Hell: Depths:1 Depths:2 Depths:3 Depths:4
Abyss: Depths:4
Pandemonium: Depths:1 Depths:2 Depths:3

Annotations:
Lair:6 exclusion: 3 oklob plants
Crypt:1 exclusion: curse skull
Zot:5 exclusion: silver statue

▓▓....D.....,,,,,,,,,,
▓▓y.......,,,,,,,,,,,
▓▓.L......,,,,,,,,,,
▓▓..D.......,,,,,,,,,
▓▓........L...,,,,,,,,
▓......**......,,,,,,,
▓......p.......,,,,,,,
*▓.....*..D....,,,,,,,
*▓..@..........,,,,,,
▓▓▓▓.§.*......,,,***
▓▓▓▓▓▓▓▓▓▓▓****


You could see 4 orbs of fire, a Killer Klown, a shadow dragon, 2 ancient liches,
a storm dragon, a fire dragon and a moth of wrath.


Message History

The ancient lich casts a spell.
The ancient lich flickers and vanishes for a moment.
Unknown command.
Drink which item? (? for menu, Esc to quit)
Okay, then.
Read which item? (? for menu, Esc to quit)
The writing blurs in front of your eyes.
The orb of fire emits a lurid red light.
The bolt of fire is repelled.
The orb of fire emits a lurid red light.
The bolt of fire is repelled.
The ancient lich casts a spell at you.
The bolt of acid is repelled.
Unknown command.
Read which item? (? for menu, Esc to quit)
Your blink will be uncontrolled - continue anyway?
Okay, then.
Unknown command.
There are monsters nearby!
Read which item? (? for menu, Esc to quit)
Your blink will be uncontrolled - continue anyway?
As you read the scroll of blinking, it crumbles to dust.
A powerful magic interferes with your control of the blink.
You blink.
The shadow dragon roars!
The moth of wrath's fur bristles in rage as it notices you.
The orb of fire glows deep purple.
The fireball explodes!
The fireball engulfs you! You resist.
You die...
Your body rises from the dead as a mindless zombie.

Action                   |  1- 3 |  4- 6 |  7- 9 | 10-12 | 13-15 | 16-18 | 19-21 | 22-24 | 25-27 || total
-------------------------+-------+-------+-------+-------+-------+-------+-------+-------+-------++-------
Melee: Spear             |   111 |   248 |   130 |       |       |       |       |       |       ||   489
       Unarmed           |       |       |     5 |       |       |       |       |       |       ||     5
       Scythe            |       |       |   245 |    80 |       |       |       |       |       ||   325
       Trident           |       |       |       |   282 |       |       |       |       |       ||   282
       Halberd           |       |       |       |   143 |       |       |       |       |       ||   143
       Lajatang          |       |       |       |    38 |   797 |   837 |   842 |  1505 |  1708 ||  5727
 Fire: Blowgun           |       |       |    11 |     3 |    10 |       |     2 |    14 |     5 ||    45
Invok: Animate Remains   |     8 |    15 |     8 |       |       |       |       |       |       ||    31
       Animate Dead      |       |       |    26 |    39 |    79 |    73 |    42 |    61 |    33 ||   353
       Recall Undead Sla |       |       |       |     2 |     5 |    17 |    16 |    16 |     8 ||    64
       Drain Life        |       |       |       |       |     4 |     1 |    17 |     7 |    12 ||    41
       Injury Mirror     |       |       |       |       |     1 |       |       |       |       ||     1
       Enslave Soul      |       |       |       |       |       |     1 |     2 |     2 |       ||     5
 Abil: Evoke Flight      |       |       |       |       |       |       |     3 |     2 |       ||     5
Evoke: Wand              |       |       |    15 |     2 |     4 |     5 |     1 |     6 |     3 ||    36
       Lamp of fire      |       |       |       |       |     4 |       |       |       |     1 ||     5
       Fan of gales      |       |       |       |       |       |       |     1 |       |       ||     1
       Deck              |       |       |       |       |       |       |     2 |       |       ||     2
  Use: Scroll            |       |     1 |    18 |    16 |    11 |    15 |    16 |    15 |    34 ||   126
       Potion            |       |     2 |       |     1 |     1 |     5 |    14 |     8 |     9 ||    40
 Stab: Distracted        |     1 |     2 |     3 |    14 |    13 |    20 |    20 |    30 |    21 ||   124
       Fleeing           |       |       |     1 |       |       |       |       |       |       ||     1
       Sleeping          |       |       |       |     2 |     2 |     3 |     3 |     3 |     4 ||    17
       Confused          |       |       |       |       |     3 |     1 |     2 |     1 |       ||     7
       Invisible         |       |       |       |       |       |       |     2 |       |       ||     2
       Paralysed         |       |       |       |       |       |       |     2 |       |       ||     2
  Eat: Chunk             |     1 |     7 |    13 |    22 |    35 |    33 |    17 |    12 |    10 ||   150
       Fruit             |       |     1 |     1 |     4 |     6 |     7 |       |     3 |     7 ||    29
       Pizza             |       |       |     2 |     1 |     4 |       |     1 |     4 |     2 ||    14
       Beef jerky        |       |       |     2 |       |       |     7 |     6 |     3 |     5 ||    23
       Royal jelly       |       |       |       |       |       |       |     1 |     7 |     8 ||    16
       Meat ration       |       |       |       |       |       |       |     2 |       |     1 ||     3

Vault maps used:
D:1:      minmay_arrival_nine_rooms
D:2:      first_bread
D:3:      old_standard_altar, kennysheep_generic_room_8, uniq_terence,
          uniq_crazy_yiuf_cottage
D:4:      serial_bayou, serial_bayou_lagoon_a, serial_bayou_pond_b,
          serial_bayou_shore_a, serial_bayou_pond_b, uniq_sigmund,
          uniq_eustachio, uniq_edmund
D:5:      nicolae_overflow_hidden_temple, minmay_temple_entry_trees
D:6:      minitemple, uniq_pikel, uniq_iyjb
D:7:      serial_shops, kennysheep_mini, uniq_menkaure
D:8:      hangedman_pestilent_swarm
D:9:      zombieorc2_lemuel, minmay_lair_entry_lava, minmay_holes, st_stairs_6,
          okawaru_altar_gauntlet_db
D:10:     hex_medium, minmay_misc_feat_ornament, lemuel_tele_altar
D:11:     serial_shops, nicolae_shop_overgrown_old_shop, uniq_urug
D:12:     minmay_isolated_rectangles_in_corner, serial_shops, shop_statue
D:13:     grunt_vaults_entry_tiered, worms_lemuel
D:14:     minmay_diamond_stairs, basic_altar, enter_bailey_2,
          nrook_mini_backslash, serial_curves, eino_curves_01, eino_curves_01,
          eino_curves_04
D:15:     gammafunk_depths_entry_grave, hangedman_decor_cross_pass,
          minmay_door_square
Orc:2:    serial_shops, nicolae_shop_crystal, sword_in_stone
Orc:3:    nicolae_orc_pool_cavern
Orc:4:    portal_ice_cave_entry_ice_beasts, serial_shops, shop,
          nicolae_shop_stone, nicolae_shop_stone, nicolae_shop_behind_doors,
          st_orc_open, uniq_josephine, uniq_donald
Elf:1:    serial_shops, shop, shop, shop_statue,
          nicolae_shop_temple_entry_statues_fountains, nicolae_shop_crystal,
          uniq_frances
Elf:2:    basic_altar, serial_shops, nicolae_shop_behind_doors, uniq_saint_roka,
          uniq_azrael
Elf:3:    minmay_elf_hall_dome, grunt_ministairs_3, st_stairs_8
Lair:1:   lemuel_fruit_fields, uniq_gastronok
Lair:2:   beast_lair_carwin_1
Lair:4:   lemuel_old_faithful
Lair:5:   swamp_mist_pool, grunt_megastairs_3, bh_autumn_forest_stairs
Lair:6:   spider_nest_entry_webs, minmay_slime_entry_oklob_open,
          infiniplex_staircase_pool
Lair:7:   beast_lair_carwin_6, grunt_megastairs_1, infiniplex_staircase_pool_2
Lair:8:   minmay_lair_end_enchanted_forest, lab_entry_generic, uniq_maud
Swamp:1:  evilmike_swamp_ruin_rubble_1
Swamp:2:  serial_swamp_ruin, evilmike_swamp_ruin_rubble_2,
          evilmike_swamp_ruin_house_6, evilmike_swamp_ruin_house_3
Swamp:3:  evilmike_swamp_ruin_house_5
Swamp:4:  evilmike_swamp_ruin_house_4, swamp_pool4, water_boxes_lemuel,
          uniq_louise
Swamp:5:  swamp_fiery, uniq_asterion
Spider:2: nicolae_spider_mines_2, guppyfry_spider_mini_1, uniq_nessos,
          uniq_aizul, uniq_arachne
Spider:5: spider_rune_water, uniq_mara
Vaults:1: v_rooms_6, vaults_mumra_chevron, ontoclasm_vaults_claustrophobia,
          nicolae_vaults_three_branches, nicolae_vaults_asterisk,
          vaults_dpeg_ring, grunt_vaults_diagonal, v_misc_30,
          hangedman_vaults_slice, infiniplex_enter_wizlab_glasses
Vaults:2: ontoclasm_vaults_hangar, hangedman_vaults_corner_blocks,
          hangedman_vaults_corner_blocks, v_misc_5, v_alt_pattern_1,
          vaults_dpeg_hooks, hangedman_vaults_locks,
          ontoclasm_vaults_ring_large, dpeg_vaults_monster_box,
          vaults_mumra_minichess, nicolae_vaults_yaktaur_gun_rack,
          vaults_dpeg_diagonal, vaults_room_semicircle, serial_ice_m,
          hangedman_vaults_river_flow, minmay_crypt_entry_simple_walls,
          ontoclasm_vaults_fault
Vaults:3: hangedman_vaults_restitches, nicolae_vaults_ring_of_whatevers,
          v_pattern_4, vaults_room_pool, hangedman_vaults_snaps,
          nicolae_vaults_windows_and_doors_thing, basic_altar
Vaults:4: ontoclasm_vaults_tryst, v_alt_pattern_4,
          vaults_standard_mumra_enter_the_diamond, v_misc_28, v_misc_9,
          v_pattern_3, vaults_room_fours, hangedman_vaults_slice,
          vaults_room_pool
Vaults:5: uniq_frederick, uniq_sojobo, uniq_wiglaf, uniq_boris
Crypt:1:  crypt_curse_skull, grunt_crypt_arrival_webbed
Crypt:2:  basic_altar, lemuel_mausoleum_altar_yredelemnul
Crypt:3:  evilmike_haunted_forest
Depths:1: pf_hell_entry_tar_river, serial_shops, nicolae_shop_behind_doors,
          minmay_misc_feat_plants, rand_demon_pan_entry_3,
          hangedman_decor_slide_cut, kennysheep_generic_room_9, firewood_loft,
          serial_bayou_shore_b, uniq_enchantress
Depths:2: mu_ancient_champions, enter_ziggurat_c, hell_entry, pan_entry,
          kennysheep_boxes, kennysheep_generic_room_15,
          infiniplex_staircase_squiggle, uniq_nikola
Depths:3: box_level_dp, pan_entry, hell_entry, uniq_xtahua
Depths:4: four-leaf_vault, hell_entry, abyss_entry_flame_altar,
          kennysheep_cross_room, grunt_ministairs_2
Depths:5: evilmike_zot_entry_basic, minmay_misc_feat_secret_circle, hellmouth_1
Zot:1:    basic_altar, st_stairs_11, st_small_dragon_hoard_2,
          st_small_dragon_hoard_1
Zot:5:    nrook_zot_tub
Abyss:1:  evilmike_abyss_exit_plants
Lab:      labyrinth_spiral, nicolae_lab_hexagon, nicolae_lab_dead_end,
          lab_block, nicolae_lab_x, labyrinth_skeletal_remains,
          nicolae_lab_starburst, labyrinth_fake_exit, nicolae_lab_t_cross
Bailey:   bailey_axe_3, bailey
IceCv:    ice_cave_caverns_03
WizLab:   wizlab_iskenderun

Notes
Turn   | Place    | Note
--------------------------------------------------------------
     0 | D:1      | RobertPalmer, the Human Death Knight, began the quest for the Orb.
     0 | D:1      | Reached XP level 1. HP: 16/16 MP: 2/2
    80 | D:1      | Reached XP level 2. HP: 22/22 MP: 3/3
   144 | D:1      | Reached skill level 3 in Polearms
   488 | D:1      | Reached XP level 3. HP: 19/27 MP: 5/5
  1273 | D:2      | Reached skill level 4 in Polearms
  1273 | D:2      | Reached XP level 4. HP: 28/33 MP: 6/6
  1293 | D:2      | Acquired Yredelemnul's second power
  1800 | D:3      | Noticed an ogre
  1919 | D:3      | Reached XP level 5. HP: 35/38 MP: 5/8
  2071 | D:3      | Found a shadowy altar of Dithmenos.
  2093 | D:3      | Noticed Terence
  2116 | D:3      | Killed Terence
  2116 | D:3      | Reached skill level 5 in Polearms
  2128 | D:3      | Noticed Crazy Yiuf
  2137 | D:3      | Killed Crazy Yiuf
  2213 | D:3      | Noticed an ogre
  2226 | D:3      | Killed an ogre
  2226 | D:3      | Reached XP level 6. HP: 26/44 MP: 9/9
  2486 | D:3      | Your ally Terence died
  2494 | D:3      | Killed an ogre
  2494 | D:3      | Reached skill level 6 in Polearms
  2861 | D:4      | Noticed Eustachio
  2895 | D:5      | Entered Level 5 of the Dungeon
  2924 | D:5      | Reached XP level 7. HP: 18/50 MP: 11/11
  3068 | D:5      | Reached skill level 7 in Polearms
  3271 | D:5      | Reached skill level 2 in Armour
  3328 | D:4      | Reached skill level 3 in Armour
  3354 | D:5      | Killed Eustachio
  3354 | D:5      | Reached skill level 4 in Armour
  3493 | D:5      | Reached XP level 8. HP: 56/56 MP: 12/12
  3562 | D:4      | Acquired Yredelemnul's third power
  3644 | D:5      | Reached skill level 5 in Armour
  3695 | D:4      | Noticed Sigmund
  3755 | D:5      | Killed Sigmund
  3861 | D:5      | Found a staircase to the Ecumenical Temple.
  4009 | D:5      | Found a burning altar of Makhleb.
  4346 | D:6      | Noticed Ijyb
  4355 | D:6      | Killed Ijyb
  4392 | D:6      | Reached skill level 8 in Polearms
  4783 | D:6      | Noticed Pikel
  4852 | D:6      | Noticed Pikel
  4852 | D:6      | Pikel changed into Pikel the human
  4857 | D:6      | Killed Pikel the human
  4920 | D:6      | Found a glowing golden altar of the Shining One.
  4925 | D:6      | Found a shattered altar of Ashenzari.
  4927 | D:6      | Found a snail-covered altar of Cheibriados.
  5495 | D:6      | Reached skill level 9 in Polearms
  5495 | D:6      | Reached XP level 9. HP: 61/61 MP: 14/14
  5669 | D:7      | Reached skill level 6 in Armour
  6098 | D:7      | Found Hagaykh's Weapon Emporium.
  6245 | D:7      | Acquired Yredelemnul's fourth power
  6291 | D:7      | Reached skill level 7 in Armour
  6479 | D:7      | Noticed Menkaure
  6505 | D:7      | Identified a wand of heal wounds {zapped: 1} (You found it on level 7 of the Dungeon)
  6513 | D:7      | Killed Menkaure
  6556 | D:8      | Reached skill level 8 in Armour
  6743 | D:8      | Received a gift from Yredelemnul
  6869 | D:8      | Reached skill level 9 in Armour
  7113 | D:8      | Got a faintly humming ring mail
  7115 | D:8      | Identified the cursed -1 ring mail "Ycsyxzom" {rElec rF+ Curse} (You found it on level 8 of the Dungeon)
  7228 | D:8      | Reached XP level 10. HP: 67/67 MP: 15/15
  7326 | D:8      | Reached skill level 10 in Armour
  7470 | D:9      | Found an iron altar of Okawaru.
  7546 | D:9      | Reached skill level 2 in Dodging
  7592 | D:9      | Reached skill level 4 in Dodging
  7594 | D:9      | Found a staircase to the Lair.
  7734 | D:9      | Found a staircase to the Orcish Mines.
  7837 | D:9      | Reached skill level 5 in Dodging
  7892 | D:9      | Received a gift from Yredelemnul
  8026 | D:9      | Noticed Johnny's ghost (experienced HuBe)
  8027 | D:9      | Identified a wand of hasting {zapped: 1} (You found it on level 9 of the Dungeon)
  8067 | D:9      | Killed Johnny's ghost
  8067 | D:9      | Reached skill level 6 in Dodging
  8454 | Lair:1   | Entered Level 1 of the Lair of Beasts
  8454 | Lair:1   | Noticed a spiny frog
  8464 | Lair:1   | Killed a spiny frog
  8464 | Lair:1   | Reached skill level 7 in Dodging
  8617 | Lair:1   | Reached XP level 11. HP: 58/72 MP: 17/17
  8622 | Lair:1   | Reached skill level 8 in Dodging
  9047 | Lair:1   | Reached skill level 9 in Dodging
  9078 | Lair:1   | Received a gift from Yredelemnul
  9403 | Lair:1   | Noticed Gastronok
  9428 | Lair:1   | Killed Gastronok
  9428 | Lair:1   | Reached skill level 10 in Dodging
 10187 | Lair:2   | Reached skill level 11 in Dodging
 10258 | Lair:2   | Got an emerald-encrusted leather armour
 10259 | Lair:2   | Identified the +3 leather armour of a sewer {rElec rN+} (You found it on level 2 of the Lair of Beasts)
 10287 | Lair:2   | Acquired Yredelemnul's fifth power
 10302 | Lair:2   | Received a gift from Yredelemnul
 10512 | Lair:2   | Noticed a four-headed hydra
 10519 | Lair:2   | Killed a four-headed hydra
 11222 | Lair:3   | Reached skill level 3 in Fighting
 11276 | Lair:3   | Reached skill level 4 in Invocations
 11429 | Lair:3   | Reached XP level 12. HP: 70/81 MP: 20/20
 11433 | Lair:3   | Received a gift from Yredelemnul
 11545 | Lair:3   | Reached skill level 4 in Fighting
 11545 | Lair:3   | Reached skill level 5 in Invocations
 12042 | Lair:4   | Reached skill level 6 in Invocations
 12148 | Lair:4   | Received a gift from Yredelemnul
 12156 | Lair:3   | Reached skill level 10 in Polearms
 12260 | Lair:4   | Reached skill level 7 in Invocations
 12489 | Lair:4   | Got an iridescent lajatang
 12490 | Lair:4   | Identified the +8 lajatang of Termination {flame, Str+1 Dex-4 Int+3} (You found it on level 4 of the Lair of Beasts)
 12568 | Lair:4   | Reached skill level 1 in Staves
 12934 | Lair:4   | Reached skill level 2 in Staves
 12939 | Lair:4   | Reached skill level 3 in Staves
 13162 | Lair:5   | Reached skill level 4 in Staves
 13312 | Lair:5   | Noticed a five-headed hydra
 13316 | Lair:5   | Noticed a four-headed hydra
 13320 | Lair:5   | Killed a three-headed hydra
 13320 | Lair:5   | Reached skill level 5 in Staves
 13320 | Lair:5   | Received a gift from Yredelemnul
 13326 | Lair:5   | Killed a three-headed hydra
 13326 | Lair:5   | Reached XP level 13. HP: 80/88 MP: 24/24
 13412 | Lair:5   | Found a staircase to the Swamp.
 13496 | Lair:5   | Reached skill level 6 in Staves
 13823 | Lair:5   | Reached skill level 7 in Staves
 14034 | Lair:6   | Found a hole to the Spider Nest.
 14040 | Lair:6   | Received a gift from Yredelemnul
 14176 | Lair:6   | Reached skill level 8 in Staves
 14305 | Lair:6   | Received a gift from Yredelemnul
 14308 | Lair:6   | Reached skill level 9 in Staves
 14371 | Lair:6   | Found a staircase to the Slime Pits.
 14800 | Lair:6   | Received a gift from Yredelemnul
 15068 | Lair:6   | Reached skill level 10 in Staves
 15909 | Lair:7   | Reached skill level 8 in Invocations
 15957 | Lair:7   | Received a gift from Yredelemnul
 16134 | Lair:7   | Reached skill level 5 in Fighting
 16218 | Lair:7   | Reached XP level 14. HP: 93/98 MP: 26/26
 16348 | Lair:7   | Received a gift from Yredelemnul
 16838 | Lair:8   | Entered Level 8 of the Lair of Beasts
 16865 | Lair:8   | Reached skill level 9 in Invocations
 16902 | Lair:8   | Found a labyrinth entrance.
 16911 | Lab      | Entered a labyrinth
 17255 | Lab      | Found an exit through the horrors of the Abyss.
 17308 | Lab      | Reached skill level 6 in Fighting
 17331 | Lab      | Identified a wand of teleportation {zapped: 1} (You found it on level 7 of the Lair of Beasts)
 17333 | Lab      | Identified a +4 lightning rod (12/12) (You found it in a labyrinth)
 17458 | Lair:8   | Received a gift from Yredelemnul
 17471 | Lair:8   | Noticed Maud
 17478 | Lair:8   | Killed Maud
 17563 | Lair:8   | Reached skill level 7 in Fighting
 17763 | Lair:8   | Received a gift from Yredelemnul
 17778 | Lair:8   | Reached skill level 12 in Dodging
 18098 | Lair:8   | Received a gift from Yredelemnul
 18752 | Orc:1    | Entered Level 1 of the Orcish Mines
 18882 | Orc:1    | Received a gift from Yredelemnul
 19362 | Orc:2    | Noticed Urug
 19371 | Orc:2    | Killed Urug
 19415 | Orc:2    | Noticed Blork the orc
 19419 | Orc:2    | Killed Blork the orc
 19584 | Orc:2    | Found Juokky's Antique Armour Boutique.
 19774 | Orc:3    | Received a gift from Yredelemnul
 20217 | Orc:4    | Entered Level 4 of the Orcish Mines
 20228 | Orc:4    | Found a frozen archway.
 20228 | Orc:4    | Noticed Josephine
 20233 | Orc:4    | Received a gift from Yredelemnul
 20237 | Orc:4    | Killed Josephine
 20269 | Orc:4    | Found a staircase to the Elven Halls.
 20279 | Orc:4    | Found Cysy's Armour Emporium.
 20285 | Orc:4    | Reached skill level 13 in Dodging
 20288 | Orc:4    | Reached skill level 11 in Armour
 20294 | Orc:4    | Received a gift from Yredelemnul
 20299 | Orc:4    | Reached XP level 15. HP: 74/108 MP: 25/28
 20315 | Orc:4    | Found Pligg's Distillery.
 20315 | Orc:4    | Found Qaraniep's Assorted Antiques.
 20318 | Orc:4    | Bought the +3 ring mail of the Twelve Seas {rC+ Dex+4 Slay+3} for 756 gold pieces
 20321 | Orc:4    | Found Elirerr's Magic Scroll Emporium.
 20406 | IceCv    | Entered an ice cave
 20547 | IceCv    | Received a gift from Yredelemnul
 21018 | IceCv    | Reached skill level 12 in Armour
 21039 | IceCv    | Reached skill level 14 in Dodging
 21314 | Orc:4    | Bought a scroll of blinking for 112 gold pieces
 21314 | Orc:4    | Bought a scroll of blinking for 112 gold pieces
 21314 | Orc:4    | Bought a scroll of identify for 30 gold pieces
 21314 | Orc:4    | Bought a scroll of teleportation for 45 gold pieces
 21314 | Orc:4    | Bought a scroll of identify for 30 gold pieces
 21314 | Orc:4    | Bought a scroll of magic mapping for 52 gold pieces
 21314 | Orc:4    | Bought a scroll of identify for 30 gold pieces
 21314 | Orc:4    | Bought a scroll of blinking for 112 gold pieces
 21314 | Orc:4    | Bought a scroll of magic mapping for 52 gold pieces
 21314 | Orc:4    | Bought a scroll of magic mapping for 52 gold pieces
 21320 | Orc:4    | Bought a potion of agility for 100 gold pieces
 21320 | Orc:4    | Bought a scroll of identify for 80 gold pieces
 21320 | Orc:4    | Bought a wand of teleportation for 480 gold pieces
 21320 | Orc:4    | Bought a red potion for 36 gold pieces
 21396 | Orc:4    | Received a gift from Yredelemnul
 21402 | Orc:4    | Found Kunad's Food Boutique.
 21503 | Orc:4    | Noticed Donald
 21506 | Orc:4    | Found Uneve's Armour Shoppe.
 21513 | Orc:4    | Killed Donald
 21518 | Orc:4    | Your ally Josephine died
 21629 | Orc:4    | Found Beanerr's Distillery.
 21752 | Orc:4    | Found Saisk's Gadget Boutique.
 21974 | Elf:1    | Entered Level 1 of the Elven Halls
 21981 | Elf:1    | Received a gift from Yredelemnul
 22088 | Elf:1    | Found Yledamud's Assorted Antiques.
 22095 | Elf:1    | Noticed Frances
 22107 | Elf:1    | Killed Frances
 22264 | Elf:1    | Found Mowa's Book Shoppe.
 22289 | Elf:1    | Found Pliur's Assorted Antiques.
 22422 | Orc:4    | Bought a +0 pair of boots of running for 441 gold pieces
 22698 | Swamp:1  | Entered Level 1 of the Swamp
 22752 | Swamp:1  | Received a gift from Yredelemnul
 22976 | Swamp:1  | Reached skill level 13 in Armour
 23478 | Swamp:2  | Reached XP level 16. HP: 102/115 MP: 29/29
 23597 | Swamp:2  | Received a gift from Yredelemnul
 23724 | Swamp:3  | Reached skill level 15 in Dodging
 24365 | Swamp:4  | Noticed Louise
 24378 | Swamp:4  | Killed Louise
 25339 | Swamp:5  | Entered Level 5 of the Swamp
 25389 | Swamp:5  | Reached skill level 14 in Armour
 25579 | Swamp:5  | Got a decaying rune of Zot
 25965 | Swamp:5  | Noticed Asterion
 25967 | Swamp:5  | Noticed a spectral weapon
 25972 | Swamp:5  | Killed Asterion
 26601 | Elf:1    | Bought a fine cloak for 237 gold pieces
 26612 | Elf:1    | Identified the cursed +2 cloak "Shrysua" {Str-2} (You bought it in a shop on level 1 of the Elven Halls)
 26941 | Lair:6   | Reached skill level 16 in Dodging
 26962 | Spider:1 | Entered Level 1 of the Spider Nest
 27342 | Spider:1 | Received a gift from Yredelemnul
 27527 | Spider:2 | Noticed Nessos
 27543 | Spider:2 | Killed Nessos
 27766 | Spider:2 | Noticed Aizul
 27776 | Spider:2 | Killed Aizul
 27776 | Spider:2 | Enslaved Aizul
 27790 | Spider:2 | Reached XP level 17. HP: 112/120 MP: 24/29
 27908 | Spider:2 | Noticed Arachne
 27917 | Spider:2 | Killed Arachne
 27917 | Spider:2 | Reached skill level 15 in Armour
 27945 | Spider:2 | Found a roughly hewn altar of Beogh.
 27959 | Spider:2 | Received a gift from Yredelemnul
 28446 | Spider:5 | Entered Level 5 of the Spider Nest
 28483 | Spider:5 | Received a gift from Yredelemnul
 28596 | Spider:5 | Received a gift from Yredelemnul
 28708 | Spider:5 | Received a gift from Yredelemnul
 28876 | Spider:5 | Got a gossamer rune of Zot
 29358 | D:10     | Entered Level 10 of the Dungeon
 29389 | D:10     | Found a shadowy altar of Dithmenos.
 29448 | D:10     | Reached skill level 17 in Dodging
 29458 | D:10     | Noticed hackum's ghost (experienced FoFi)
 29465 | D:10     | Killed hackum's ghost
 30130 | D:11     | Found Broblegi's Assorted Antiques.
 30207 | D:11     | Received a gift from Yredelemnul
 31004 | D:12     | Found Vecsaiv's Assorted Antiques.
 31068 | D:12     | Reached skill level 16 in Armour
 31101 | D:12     | Got a polished ring mail
 31102 | D:12     | Identified the +4 ring mail "Voamos" {Str+2} (You found it on level 12 of the Dungeon)
 32167 | D:13     | Found a gate to the Vaults.
 32202 | Vaults:1 | Entered Level 1 of the Vaults
 32253 | Vaults:1 | Found a magical portal.
 32276 | WizLab   | Entered Iskenderun's Mystic Tower
 32297 | WizLab   | Received a gift from Yredelemnul
 32464 | WizLab   | Reached XP level 18. HP: 93/127 MP: 30/30
 32660 | WizLab   | Received a gift from Yredelemnul
 32975 | WizLab   | Identified Sif Muna's Guide on Creative Orientation
 33107 | WizLab   | Received a gift from Yredelemnul
 33129 | WizLab   | Identified Iskenderun's Disquisition on Conjuration
 33129 | WizLab   | Identified Iskenderun's Almanac of Fiery Battle Magic
 33533 | Vaults:1 | Reached skill level 18 in Dodging
 33593 | Vaults:1 | Reached skill level 17 in Armour
 33807 | Vaults:1 | Received a gift from Yredelemnul
 34543 | Vaults:1 | Received a gift from Yredelemnul
 35111 | Vaults:2 | Received a gift from Yredelemnul
 35264 | Vaults:2 | Reached XP level 19. HP: 100/132 MP: 31/31
 35267 | Vaults:2 | Found a staircase to the Crypt.
 35472 | Vaults:2 | Reached skill level 18 in Armour
 35481 | Vaults:2 | Received a gift from Yredelemnul
 35499 | Vaults:2 | Reached skill level 19 in Dodging
 35500 | Vaults:2 | Your ally Aizul died
 36246 | Vaults:3 | Found an iron altar of Okawaru.
 37532 | Vaults:4 | Received a gift from Yredelemnul
 37557 | Vaults:4 | Received a gift from Yredelemnul
 37674 | Vaults:4 | Noticed a Brimstone Fiend
 37745 | Vaults:4 | Received a gift from Yredelemnul
 37833 | Vaults:4 | Reached skill level 8 in Fighting
 38043 | Vaults:4 | Received a gift from Yredelemnul
 38342 | Vaults:5 | Entered Level 5 of the Vaults
 38342 | Vaults:5 | Noticed Sojobo
 38345 | Vaults:5 | Reached skill level 9 in Fighting
 38350 | Vaults:5 | Reached XP level 20. HP: 135/145 MP: 32/32
 38359 | Vaults:5 | Received a gift from Yredelemnul
 38367 | Vaults:5 | Reached skill level 10 in Fighting
 38370 | Vaults:5 | Received a gift from Yredelemnul
 38374 | Vaults:5 | Reached skill level 11 in Fighting
 38399 | Vaults:5 | Reached skill level 12 in Fighting
 38406 | Vaults:5 | Killed Sojobo
 38409 | Vaults:5 | Noticed a golden dragon
 38434 | Vaults:5 | Noticed a golden dragon
 38437 | Vaults:5 | Killed a golden dragon
 38437 | Vaults:5 | Reached skill level 13 in Fighting
 38447 | Vaults:5 | Killed a golden dragon
 38462 | Vaults:5 | Received a gift from Yredelemnul
 38495 | Vaults:5 | Noticed Boris
 38507 | Vaults:5 | Killed Boris
 38507 | Vaults:5 | Reached skill level 14 in Fighting
 38678 | Vaults:5 | Reached XP level 21. HP: 165/165 MP: 32/32
 38748 | Vaults:5 | Noticed Wiglaf
 38760 | Vaults:5 | Killed Wiglaf
 38776 | Vaults:5 | Got a crude ivory ring
 38781 | Vaults:5 | Identified the ring of the Four Souls {+/*Tele Str+1 Int+4} (You found it on level 5 of the Vaults)
 38797 | Vaults:5 | Noticed Frederick
 38803 | Vaults:5 | Received a gift from Yredelemnul
 38811 | Vaults:5 | Killed Frederick
 38892 | Vaults:5 | Noticed a lich
 38892 | Vaults:5 | Noticed a Brimstone Fiend
 38908 | Vaults:5 | Killed a lich
 38924 | Vaults:5 | Reached skill level 15 in Fighting
 39118 | Vaults:5 | Got a silver rune of Zot
 39199 | Vaults:5 | Noticed a tentacled monstrosity
 39205 | Vaults:5 | Killed a tentacled monstrosity
 39419 | Vaults:5 | Got a crude plate armour
 39517 | Vaults:5 | Identified the +3 plate armour of Distant Shores {MR+ Dex+3} (You found it on level 5 of the Vaults)
 39536 | Vaults:5 | Reached skill level 16 in Fighting
 39559 | Vaults:5 | Got a heavily runed leather armour
 39570 | Vaults:5 | Identified the cursed -5 leather armour "Itiq" {rC++} (You found it on level 5 of the Vaults)
 39787 | Vaults:5 | Noticed a tentacled monstrosity
 39796 | Vaults:5 | Killed a tentacled monstrosity
 39993 | Vaults:5 | Identified the Guide on Enhancements
 40049 | Vaults:5 | Noticed an ancient lich
 40056 | Vaults:5 | Killed an ancient lich
 40076 | Vaults:5 | Received a gift from Yredelemnul
 40107 | Vaults:5 | Got a fine blowgun
 40108 | Vaults:5 | Identified the +4 blowgun of Kunaisai {evade, rN+ Stlth+} (You found it on level 5 of the Vaults)
 40234 | Vaults:5 | Gained mutation: Your mind is acute. (Int +2) [helix card]
 40236 | Vaults:5 | Lost mutation: Your mind is acute. (Int +2) [helix card]
 40781 | D:13     | Received a gift from Yredelemnul
 40842 | D:13     | Received a gift from Yredelemnul
 41423 | D:14     | Received a gift from Yredelemnul
 41428 | D:14     | Reached skill level 17 in Fighting
 41435 | D:14     | Found a flagged portal.
 41457 | Bailey   | Entered a bailey
 41566 | Bailey   | Got a transparent glaive
 41568 | Bailey   | Identified the cursed +8 glaive of Slow Death {drain, +Rage +Fly rPois Int+3 SInv} (You found it in a bailey)
 41583 | Bailey   | Found a bloodstained altar of Trog.
 41604 | Bailey   | Got a shimmering ring mail
 41615 | Bailey   | Identified the +3 ring mail "Wuadac" {Str+3 Dex+2 Int+4} (You found it in a bailey)
 41966 | D:15     | Entered Level 15 of the Dungeon
 41971 | D:15     | Reached skill level 10 in Invocations
 42100 | D:15     | Found a staircase to the Depths.
 42115 | D:15     | Reached XP level 22. HP: 154/182 MP: 33/33
 42132 | Depths:1 | Entered Level 1 of the Depths
 42237 | Depths:1 | Reached skill level 11 in Invocations
 42268 | Depths:1 | Received a gift from Yredelemnul
 42369 | Depths:1 | Found a one-way gate leading to the halls of Pandemonium.
 42378 | Depths:1 | Noticed the Enchantress
 42387 | Depths:1 | Killed the Enchantress
 42407 | Depths:1 | Got a faerie dragon armour
 42408 | Depths:1 | Identified the +0 faerie dragon armour {Str+3 Dex+3 Int+4} (You took it off the Enchantress on level 1 of the Depths)
 42675 | Depths:1 | Reached skill level 12 in Invocations
 42735 | Depths:1 | Found Pefelur's Magic Scroll Shoppe.
 42738 | Depths:1 | Bought a scroll of acquirement for 624 gold pieces
 42903 | Depths:1 | Found a gateway to Hell.
 43132 | Depths:2 | Received a gift from Yredelemnul
 43328 | Depths:2 | Reached skill level 13 in Invocations
 43357 | Depths:2 | Found a gateway to a ziggurat.
 43421 | Depths:2 | Noticed Nikola
 43432 | Depths:2 | Killed Nikola
 43764 | Depths:2 | Received a gift from Yredelemnul
 43907 | Depths:3 | Received a gift from Yredelemnul
 44046 | Depths:3 | Reached skill level 14 in Invocations
 44221 | Depths:3 | Reached skill level 11 in Staves
 44318 | Depths:3 | Received a gift from Yredelemnul
 45352 | Depths:3 | Reached skill level 20 in Dodging
 45380 | Depths:3 | Noticed Xtahua
 45393 | Depths:3 | Killed Xtahua
 45493 | Depths:3 | Reached XP level 23. HP: 172/188 MP: 36/36
 45535 | Depths:3 | Reached skill level 12 in Staves
 45539 | Depths:3 | Received a gift from Yredelemnul
 45676 | Depths:3 | Received a gift from Yredelemnul
 45742 | Depths:3 | Noticed a golden dragon
 45757 | Depths:3 | Killed a golden dragon
 45787 | Depths:3 | Received a gift from Yredelemnul
 46168 | Depths:4 | Received a gift from Yredelemnul
 46255 | Depths:4 | Reached skill level 13 in Staves
 46407 | Depths:5 | Entered Level 5 of the Depths
 46424 | Depths:5 | Received a gift from Yredelemnul
 46468 | Depths:5 | Received a gift from Yredelemnul
 46521 | Depths:5 | Found a gate to the Realm of Zot.
 46640 | Zot:1    | Entered Level 1 of the Realm of Zot
 46674 | Zot:1    | Got a fine chain mail
 46675 | Zot:1    | Identified the +0 chain mail "Chijumm" {Str+3 Dex-2} (You found it on level 1 of the Realm of Zot)
 46728 | Zot:1    | Noticed an orb of fire
 46742 | Zot:1    | Gained mutation: Armour fits poorly on your strangely shaped body. [an orb of fire]
 46752 | Zot:1    | Gained mutation: Your vision is a little blurry. [an orb of fire]
 46757 | Zot:1    | HP: 18/188 [orb of fire/fireball (79)]
 47121 | Depths:5 | Lost mutation: Your vision is a little blurry. [potion of cure mutation]
 47121 | Depths:5 | Lost mutation: Armour fits poorly on your strangely shaped body. [potion of cure mutation]
 47531 | Depths:3 | Reached skill level 21 in Dodging
 48192 | Elf:1    | Received a gift from Yredelemnul
 48204 | Elf:1    | Found Mnauzxen's Gadget Boutique.
 48232 | Elf:1    | Reached skill level 14 in Staves
 48465 | Elf:1    | Found Thruggy's Magic Scroll Emporium.
 48472 | Elf:1    | Bought a scroll of blinking for 105 gold pieces
 48472 | Elf:1    | Bought a scroll of teleportation for 42 gold pieces
 48472 | Elf:1    | Bought a scroll of teleportation for 42 gold pieces
 48535 | Elf:2    | Received a gift from Yredelemnul
 48581 | Elf:2    | Noticed Azrael
 48599 | Elf:2    | Killed Azrael
 48896 | Elf:2    | Noticed Saint Roka
 48915 | Elf:2    | Killed Saint Roka
 48915 | Elf:2    | Enslaved Saint Roka
 48953 | Elf:2    | Found Teeb's Armour Shoppe.
 49218 | Elf:2    | Reached XP level 24. HP: 195/195 MP: 37/37
 49387 | Elf:2    | Found a radiant altar of Vehumet.
 49464 | Elf:3    | Entered Level 3 of the Elven Halls
 49643 | Elf:3    | Got a smoking blowgun
 49657 | Elf:3    | Identified the +10 blowgun "Blienirro" {evade, rC+ Dex+2 SInv} (You found it on level 3 of the Elven Halls)
 49695 | Elf:3    | Your ally Saint Roka died
 49720 | Elf:3    | Received a gift from Yredelemnul
 49915 | Elf:3    | Cast into the Abyss (deep elf sorcerer)
 50078 | Abyss:1  | Found a corrupted altar of Lugonu.
 50418 | Abyss:1  | Found a corrupted altar of Lugonu.
 50517 | Abyss:1  | Reached skill level 15 in Staves
 50779 | Abyss:1  | Found a corrupted altar of Lugonu.
 52134 | Abyss:1  | Reached skill level 22 in Dodging
 52345 | Abyss:1  | Gained mutation: You are very frail (-20% HP). [a neqoxec]
 52719 | Elf:3    | Escaped the Abyss
 52726 | Elf:3    | Received a gift from Yredelemnul
 52790 | Elf:3    | Reached XP level 25. HP: 169/180 MP: 37/37
 52950 | Elf:3    | Got a sparkling turquoise ring
 52951 | Elf:3    | Identified the ring "Wullank" {rC+ rN+} (You found it on level 3 of the Elven Halls)
 52952 | Elf:3    | Identified a +2 rod of inaccuracy (13/13) (You took it off a deep elf annihilator on level 3 of the Depths)
 52970 | Elf:3    | Got a diamond-studded ring mail
 52981 | Elf:3    | Identified the cursed -5 ring mail of Cakesomi {Slay-8} (You found it on level 3 of the Elven Halls)
 53060 | Elf:3    | Got a pitted golden ring
 53085 | Elf:3    | Identified the ring of the Mackerel {+Rage +Fly rElec} (You found it on level 3 of the Elven Halls)
 53091 | Elf:3    | Got a crude platinum ring
 53092 | Elf:3    | Identified the ring "Apruethra" {Str+1 Dex+1 Int-2 Stlth-} (You found it on level 3 of the Elven Halls)
 53101 | Elf:3    | Got a twisted ring mail
 53112 | Elf:3    | Identified the cursed -4 ring mail of Nihilism {rPois} (You found it on level 3 of the Elven Halls)
 54074 | Orc:3    | Received a gift from Yredelemnul
 54390 | Crypt:1  | Entered Level 1 of the Crypt
 54838 | Crypt:1  | Reached skill level 23 in Dodging
 55474 | Crypt:2  | Found a burning altar of Makhleb.
 56086 | Crypt:2  | Found a basalt altar of Yredelemnul.
 56210 | Crypt:3  | Entered Level 3 of the Crypt
 56427 | Crypt:3  | Found a staircase to the Tomb.
 56427 | Crypt:3  | Noticed a greater mummy
 56979 | Crypt:3  | Killed a greater mummy
 57335 | Crypt:3  | Received a gift from Yredelemnul
 57372 | Crypt:3  | Found an ancient bone altar of Kikubaaqudgha.
 57509 | Crypt:3  | Reached skill level 24 in Dodging
 57816 | Crypt:3  | Got a brightly glowing ring mail
 57828 | Crypt:3  | Identified the +3 ring mail "Muuruuhi" {Stlth+} (You found it on level 3 of the Crypt)
 58052 | Crypt:3  | Got a sparkling tin ring
 58056 | Crypt:3  | Identified the ring of Roshrue {+Fly Int+2} (You acquired it on level 3 of the Crypt)
 58077 | Crypt:3  | Noticed an ancient lich
 58104 | Crypt:3  | Killed an ancient lich
 58785 | Zig:1    | Entered Level 1 of a ziggurat
 58795 | Zig:1    | Reached XP level 26. HP: 187/187 MP: 38/38
 58827 | Zig:1    | Gained mutation: You have large cloven feet. [potion of beneficial mutation]
 58838 | Zig:2    | Entered Level 2 of a ziggurat
 58997 | Zig:3    | Entered Level 3 of a ziggurat
 59038 | Zig:4    | Entered Level 4 of a ziggurat
 59064 | Zig:4    | Paralysed by you for 4 turns
 59790 | Depths:4 | Reached skill level 25 in Dodging
 59885 | Depths:4 | Found a corrupted altar of Lugonu.
 59886 | Depths:4 | Found a one-way gate to the infinite horrors of the Abyss.
 60254 | Depths:4 | Received a gift from Yredelemnul
 61148 | Orc:4    | Bought the +5 mottled dragon armour "Veapec" {+Rage rF+ MR+} for 1233 gold pieces
 61186 | Orc:4    | Bought a potion of resistance for 98 gold pieces
 61186 | Orc:4    | Bought a potion of might for 35 gold pieces
 61186 | Orc:4    | Bought a potion of might for 35 gold pieces
 61186 | Orc:4    | Bought a potion of curing for 28 gold pieces
 61633 | Zot:1    | Gained mutation: You are partially covered in thin metallic scales (AC +2). [an orb of fire]
 61656 | Zot:1    | Gained mutation: You have difficulty communicating with the divine. [an orb of fire]
 61661 | Zot:1    | Killed an orb of fire
 61678 | Zot:1    | Cast into the Abyss (white draconian)
 62129 | Abyss:1  | Found a stormy altar of Qazlal.
 62333 | Abyss:1  | Found a stormy altar of Qazlal.
 62575 | Abyss:1  | Received a gift from Yredelemnul
 62986 | Abyss:1  | Reached skill level 19 in Armour
 63051 | Zot:1    | Escaped the Abyss
 63822 | Zot:3    | Received a gift from Yredelemnul
 63879 | Zot:3    | Reached skill level 18 in Fighting
 64002 | Zot:3    | Reached XP level 27. HP: 126/195 MP: 32/38
 64310 | Zot:4    | Lost mutation: You are frail (-10% HP). [potion of cure mutation]
 64310 | Zot:4    | Lost mutation: You have large cloven feet. [potion of cure mutation]
 64310 | Zot:4    | Lost mutation: You are partially covered in thin metallic scales (AC +2). [potion of cure mutation]
 64358 | Zot:5    | Entered Level 5 of the Realm of Zot
 64747 | Zot:5    | Noticed an ancient lich
 64771 | Zot:5    | Killed an ancient lich
 64871 | Zot:5    | Reached skill level 20 in Armour
 64891 | Zot:5    | Noticed an orb of fire
 64896 | Zot:5    | Gained mutation: Your magical capacity is low (-10% MP). [an orb of fire]
 64900 | Zot:5    | Gained mutation: Your spells are a little easier to cast, but a little less powerful. [an orb of fire]
 64900 | Zot:5    | Gained mutation: You occasionally shout uncontrollably at your foes. [an orb of fire]
 64911 | Zot:5    | Gained mutation: You are weak. (Str -2) [an orb of fire]
 64913 | Zot:5    | Killed an orb of fire
 64923 | Zot:5    | Noticed an orb of fire
 64926 | Zot:5    | Noticed an orb of fire
 64935 | Zot:5    | Gained mutation: You have large cloven feet. [an orb of fire]
 64942 | Zot:5    | Gained mutation: Your vision is a little blurry. [an orb of fire]
 64943 | Zot:5    | Gained mutation: You sometimes yell uncontrollably at your foes. [an orb of fire]
 64949 | Zot:5    | HP: 12/219 [orb of fire/fireball (54)]
 64954 | Zot:5    | Noticed an ancient lich
 64958 | Zot:5    | Noticed an ancient lich
 64963 | Zot:5    | Noticed an ancient lich
 64964 | Zot:5    | Noticed an orb of fire
 64964 | Zot:5    | Gained mutation: Your magical capacity is very low (-20% MP). [an orb of fire]
 64966 | Zot:5    | Noticed an orb of fire
 64968 | Zot:5    | Noticed an ancient lich
 64968 | Zot:5    | Noticed an orb of fire
 64968 | Zot:5    | Noticed an orb of fire
 64970 | Zot:5    | HP: 6/219 [orb of fire/fireball (20)]
 64972 | Zot:5    | Killed from afar by an orb of fire

Vanquished Creatures
  2 orbs of fire
  2 ancient liches
  A greater mummy (Crypt:3)
  2 Killer Klowns
  3 golden dragons
  Xtahua (Depths:3)
  2 bone dragons (Abyss:1)
  Asterion (Swamp:5)
  4 liches
  4 tentacled monstrosities
  A hellephant (Abyss:1)
  2 titans
  8 Orb Guardians (Zot:5)
  A quicksilver dragon (Vaults:5)
  An Executioner (Abyss:1)
  A deep elf blademaster (Elf:3)
  3 storm dragons
  5 octopode crushers
  7 tentacled starspawn (Abyss:1)
  An ancient champion (Vaults:2)
  Frances (Elf:1)
  A sphinx (Depths:3)
  3 tengu reavers
  A revenant (Crypt:3)
  2 draconian monks
  3 shadow dragons
  4 fire giants
  A greater naga (Zig:3)
  Donald (Orc:4)
  Wiglaf (Vaults:5)
  An iron dragon (Vaults:5)
  A draconian knight (Zot:3)
  4 frost giants
  9 vault wardens
  3 emperor scorpions
  5 deep elf sorcerers (Elf:3)
  A spriggan defender (Depths:1)
  2 ghouls (Crypt:2)
  7 reapers
  A draconian annihilator (Zot:3)
  7 deep elf demonologists
  9 stone giants
  A draconian caller (Zot:3)
  5 very ugly things
  2 green draconians
  A draconian shifter (Zot:3)
  2 grey draconians
  5 red draconians
  4 deep elf annihilators (Elf:3)
  A white draconian (Zot:1)
  2 pale draconians
  A black draconian (Zot:3)
  A lorocyproca (Abyss:1)
  2 mottled draconians
  A yellow draconian (Zot:4)
  15 purple draconians
  9 deep elf death magi
  An eidolon (Crypt:2)
  A merfolk javelineer (Depths:3)
  4 minotaurs
  A blizzard demon (Abyss:1)
  A quicksilver dragon zombie (Crypt:3)
  9 fire dragons
  4 ironheart preservers
  A green death (Abyss:1)
  4 jiangshi
  6 ettins
  Josephine (Orc:4)
  A fire crab (Vaults:5)
  7 yaktaur captains
  21 vault guards
  6 great orbs of eyes
  3 spriggan air magi
  4 deep elf high priests
  An anaconda (shapeshifter) (Depths:4)
  3 death cobs
  5 hydras
  A ravenous item mimic (Vaults:5)
  3 centaur warriors
  6 statues (WizLab)
  9 ice dragons
  7 ogre magi
  13 death yaks
  A deep troll shaman (Depths:5)
  3 alligators
  4 deep troll earth magi
  The ghost of hackum the Covered, an experienced FoFi (D:10)
  A shock serpent (Zig:3)
  4 soul eaters
  2 vampire magi (Crypt:2)
  An orc high priest (D:14)
  A spriggan berserker (Depths:3)
  4 thrashing horrors (Abyss:1)
  A tengu warrior (Depths:4)
  19 deep elf knights
  3 sun demons
  4 wretched stars (Abyss:1)
  2 ice devils
  4 giant orange brains
  A salamander mystic (Depths:2)
  A sea snake (shapeshifter) (Depths:2)
  3 shadow wraiths
  11 skeletal warriors
  A storm dragon skeleton (Crypt:3)
  An unseen horror (D:15)
  8 deep trolls
  A flayed ghost (Vaults:2)
  30 large abominations (Abyss:1)
  A spriggan druid (Swamp:4)
  2 lindwurms
  11 deep elf summoners
  2 ghost moth zombies (Crypt:3)
  A giant orange brain (shapeshifter) (Depths:4)
  A lindwurm (shapeshifter) (Elf:3)
  3 wizards
  6 ironbrand convokers
  13 deep elf conjurers
  9 hill giants
  8 harpies
  A golden dragon skeleton (Crypt:3)
  13 necromancers
  4 wolf spiders
  6 orc knights
  2 red wasps
  An orc sorcerer (Elf:2)
  A wolf spider (shapeshifter) (Elf:3)
  5 worldbinders (Abyss:1)
  3 griffons
  10 moths of wrath
  2 cyclopes
  9 elephants
  A manticore (D:11)
  A dire elephant zombie (Crypt:3)
  23 ugly things
  2 apocalypse crabs
  10 phantasmal warriors
  An iron dragon skeleton (Crypt:2)
  A spectral shock serpent (Crypt:3)
  7 spiny frogs
  2 black mambas
  4 fire drakes
  8 smoke demons
  2 salamanders
  An eye of devastation (shapeshifter) (Zig:4)
  2 fire giant skeletons
  A sixfirhy (Elf:3)
  6 komodo dragons
  2 orange demons
  9 vault sentinels
  A gargoyle (D:12)
  An iron devil (Elf:3)
  A tormentor (Abyss:1)
  An emperor scorpion zombie (Crypt:1)
  A spiny frog (shapeshifter) (Vaults:5)
  A kobold demonologist (Vaults:3)
  38 yaktaurs
  5 spectral swamp worms (Depths:1)
  13 deep elf priests
  13 hellwings
  A guardian mummy (Crypt:3)
  An efreet (Abyss:1)
  6 demonic crawlers
  7 freezing wraiths
  A harpy zombie (Crypt:3)
  3 baby alligators (Swamp:2)
  A giant leech (Swamp:3)
  A blue devil (Abyss:1)
  9 jumping spiders
  A queen bee (Depths:3)
  A hydra zombie (Crypt:3)
  4 ravens
  22 polar bears
  6 trolls
  7 raiju (Abyss:1)
  12 blink frogs
  3 ancient zymes (Abyss:1)
  4 boulder beetles
  A basilisk (Lair:6)
  21 flying skulls
  A blink frog (shapeshifter) (Vaults:5)
  2 ice dragon zombies
  14 slime creatures
  2 fire dragon zombies
  A fire giant simulacrum (Crypt:2)
  13 two-headed ogres
  12 spriggans
  A trapdoor spider (shapeshifter) (Vaults:4)
  A snapping turtle (shapeshifter) (Elf:3)
  7 trapdoor spiders
  An ettin skeleton (Crypt:3)
  A tarantella (shapeshifter) (Elf:2)
  18 starcursed masses (Abyss:1)
  A vampire (Abyss:1)
  11 wraiths
  4 fire dragon skeletons
  9 water elementals
  32 deep elf magi
  29 yaks
  An air elemental (Abyss:1)
  A fire bat (Depths:3)
  17 redbacks
  6 tarantellas
  2 wyverns
  6 humans
  11 shadows
  4 fire elementals (Elf:2)
  6 vampire mosquitoes
  2 hill giant zombies
  12 deep elf fighters
  2 wargs
  3 ynoxinuls
  7 chaos spawn
  8 hippogriffs
  17 swamp worms
  2 mottled dragons
  3 hungry ghosts
  9 neqoxecs
  4 raven skeletons (Crypt:3)
  2 nagas (Zig:3)
  Menkaure (D:7)
  A warg (shapeshifter) (Vaults:5)
  29 wolves
  A spectral spiny frog (Crypt:3)
  A spiny frog zombie (Crypt:3)
  8 human zombies
  8 water moccasins
  A hell hound (Elf:2)
  3 swamp drakes
  13 porcupines
  A sky beast (D:9)
  17 orc warriors
  A spiny frog skeleton (Crypt:3)
  5 yellow wasps
  13 ice beasts
  12 small abominations (Abyss:1)
  A phantom (D:6)
  4 necrophages
  A human simulacrum (Vaults:2)
  44 ogres
  10 spiders
  An elephant zombie (Crypt:2)
  4 slaves (D:6)
  12 crocodiles
  13 centaurs
  3 black bears
  4 boggarts (Depths:1)
  A boring beetle (D:8)
  A komodo dragon zombie (Crypt:1)
  4 big kobolds
  A boring beetle (shapeshifter) (Vaults:5)
  An earth elemental (Abyss:1)
  19 giant frogs
  A draconian skeleton (Crypt:2)
  5 insubstantial wisps
  3 scorpions
  11 wights
  22 killer bees
  2 eyes of draining
  A goliath beetle (D:10)
  4 crimson imps
  A basilisk zombie (Crypt:1)
  6 quasits
  A giant frog zombie (Crypt:2)
  4 iron imps
  2 giant frog skeletons (D:4)
  2 jellies
  17 orc priests
  3 hounds
  A two-headed ogre skeleton (D:8)
  A two-headed ogre zombie (D:12)
  A centaur skeleton (Crypt:1)
  2 orange rats (Depths:4)
  15 orc wizards
  A spectral scorpion (Crypt:2)
  7 iguanas
  2 human skeletons (Crypt:2)
  13 sheep
  2 brain worm zombies (Crypt:1)
  A big kobold zombie (Crypt:2)
  4 ogre zombies
  8 worker ants
  Ijyb (D:6)
  3 ogre skeletons
  A tengu skeleton (Crypt:1)
  3 mummies
  2 gnolls
  13 adders
  14 green rats
  4 shadow imps
  4 white imps
  2 giant mites
  12 worms
  16 ufetubi
  3 giant geckos
  An ooze (D:1)
  123 orcs
  6 giant cockroaches
  14 goblins
  14 hobgoblins
  5 jackals
  11 bats
  5 giant newts
  A goblin skeleton (Crypt:1)
  2 goblin zombies
  2 hobgoblin zombies (D:9)
  A jackal zombie (D:7)
  36 kobolds
  A kobold zombie (D:14)
  A lurking horror (Abyss:1)
  3 orc skeletons (D:9)
  12 orc zombies
  7 quokkas
  11 rats
  2 ballistomycetes
  A crawling corpse (Crypt:3)
  6 fungi
  2 plants (Lair:8)
1803 creatures vanquished.

Vanquished Creatures (collateral kills)
  An ancient lich (Vaults:5)
  Boris (Vaults:5)
  Sojobo (Vaults:5)
  A golden dragon (Depths:5)
  Frederick (Vaults:5)
  the Enchantress (Depths:1)
  Nikola (Depths:2)
  Arachne (Spider:2)
  2 tentacled monstrosities
  A quicksilver dragon (Depths:3)
  4 liches
  2 sphinxes
  4 storm dragons
  A titan (Vaults:5)
  An octopode crusher (Depths:4)
  A tentacled starspawn (Abyss:1)
  An ancient champion (Crypt:2)
  5 shadow dragons
  2 tengu reavers (Vaults:5)
  2 revenants
  3 ghost moths (Spider:5)
  A draconian monk (Zot:3)
  4 fire giants (Depths:3)
  Maud (Lair:8)
  6 deep elf sorcerers
  10 frost giants
  An iron dragon (Depths:4)
  4 emperor scorpions
  A balrug (Elf:3)
  Louise (Swamp:4)
  10 vault wardens
  Gastronok (Lair:1)
  6 ghouls
  3 spriggan defenders
  A draconian annihilator (Zot:1)
  11 ettins
  3 deep elf demonologists
  A draconian shifter (Depths:5)
  12 stone giants
  3 very ugly things
  2 war gargoyles (Vaults:5)
  A grey draconian (Depths:5)
  A green draconian (Zot:1)
  3 rakshasas (Depths:2)
  2 white draconians
  Azrael (Elf:2)
  2 deep elf annihilators
  A mottled draconian (Depths:5)
  A vampire knight (Depths:3)
  A purple draconian (WizLab)
  A black draconian (Zot:3)
  A minotaur (Depths:1)
  2 very ugly thing zombies (D:15)
  5 eidola (Crypt:3)
  A merfolk impaler (Depths:3)
  A crystal guardian (Vaults:4)
  2 great orbs of eyes
  6 vault guards
  2 deep elf death magi
  4 fire dragons
  2 death cobs
  4 ice dragons
  4 ironheart preservers
  4 yaktaur captains
  A shambling mangrove (Swamp:4)
  Nessos (Spider:2)
  A quicksilver dragon skeleton (Crypt:2)
  3 statues (WizLab)
  14 hydras
  11 ogre magi
  A spriggan air mage (Depths:1)
  3 centaur warriors
  A ghost crab (Crypt:2)
  A dancing weapon (Vaults:5)
  2 death knights
  3 deep troll earth magi
  4 death yaks
  4 deep troll shamans
  3 vampire magi
  A thrashing horror (Abyss:1)
  2 alligators
  The ghost of Johnny the Nimble, an experienced HuBe of Trog (D:9)
  A titan zombie (Crypt:3)
  Urug (Orc:2)
  2 spriggan berserkers
  13 deep elf knights
  A fire crab (shapeshifter) (Vaults:3)
  6 hell knights (Depths:3)
  A titan skeleton (Crypt:3)
  A golden dragon zombie (Crypt:3)
  5 skeletal warriors
  4 unseen horrors
  8 large abominations (Abyss:1)
  2 iron trolls (Depths:5)
  2 shadow wraiths (Crypt:1)
  2 wizards
  An ice devil (Vaults:4)
  2 salamander mystics (Depths:2)
  5 swamp dragons
  A spectral hydra (Crypt:3)
  11 deep trolls
  An ice statue (Zot:5)
  An anaconda skeleton (Crypt:3)
  A shadow dragon zombie (Crypt:3)
  3 flayed ghosts
  3 harpies (Vaults:2)
  10 orb spiders
  2 hill giants (Orc:4)
  8 ironbrand convokers
  2 griffons
  A lindwurm (Swamp:5)
  8 orc knights
  An iron dragon zombie (Abyss:1)
  9 necromancers
  A fire giant zombie (Crypt:2)
  A deep elf summoner (Elf:3)
  A salamander (shapeshifter) (Vaults:5)
  5 phantasmal warriors
  4 deep elf conjurers
  A shadow dragon skeleton (Crypt:1)
  A spectral ice dragon (Crypt:1)
  13 wolf spiders
  A spectral fire dragon (Crypt:2)
  3 cyclopes
  A frost giant zombie (Crypt:3)
  4 orc sorcerers
  A moth of wrath (Zot:4)
  3 oklob plants (Lair:6)
  12 salamanders
  A harpy (shapeshifter) (Depths:3)
  A spectral shock serpent (Crypt:2)
  21 elephants
  A manticore (D:12)
  A faun (shapeshifter) (Vaults:5)
  14 ugly things
  A fire giant skeleton (Crypt:3)
  A shock serpent zombie (Crypt:3)
  8 vault sentinels
  An apocalypse crab (Depths:2)
  A dire elephant zombie (Crypt:3)
  3 red wasps
  4 black mambas
  A frost giant skeleton (Crypt:3)
  13 spiny frogs
  2 torpor snails
  A feature mimic (Lair:3)
  An iron devil (Elf:3)
  4 orange demons
  A silent spectre (Crypt:2)
  2 centaur skeletons
  3 komodo dragons
  45 yaktaurs
  A tengu conjurer (Depths:4)
  8 trolls
  8 hellwings
  6 demonic crawlers
  9 fire drakes (Swamp:5)
  21 jumping spiders
  A guardian mummy (Crypt:3)
  6 freezing wraiths
  A golden dragon simulacrum (Crypt:2)
  2 red devils (Depths:5)
  A spriggan druid (Lair:8)
  An efreet (D:14)
  A queen bee (shapeshifter) (Vaults:2)
  3 deep elf priests
  16 two-headed ogres
  2 giant leeches (Swamp:4)
  A wind drake (shapeshifter) (Vaults:4)
  A stone giant simulacrum (Crypt:1)
  3 polar bears
  An ettin zombie (Crypt:3)
  21 slime creatures
  A hydra skeleton (Crypt:3)
  A baby alligator (Swamp:2)
  4 bog bodies
  2 basilisks
  2 boulder beetles
  3 raiju (Abyss:1)
  6 air elementals (Vaults:5)
  9 ravens
  8 trapdoor spiders
  22 yaks
  7 flying skulls
  9 blink frogs
  20 redbacks
  15 deep elf magi
  An ettin skeleton (Crypt:2)
  A shadow (Crypt:1)
  12 spriggans
  6 water elementals
  9 tarantellas
  5 wraiths
  A fire dragon skeleton (Crypt:1)
  A hill giant zombie (D:9)
  14 humans (D:13)
  Eustachio (D:5)
  4 fire bats
  5 vampires
  5 hippogriffs
  Sigmund (D:5)
  2 ynoxinuls
  12 deep elf fighters
  A hungry ghost (D:9)
  A hill giant skeleton (D:9)
  A spectral spiny frog (Crypt:2)
  11 vampire mosquitoes
  A steam dragon (Swamp:5)
  16 water moccasins
  A baby alligator zombie (Swamp:2)
  6 human zombies
  11 wolves
  2 raven skeletons (Crypt:3)
  A harpy simulacrum (Crypt:2)
  An orb spider zombie (Crypt:2)
  10 swamp worms
  A hydra simulacrum (Crypt:1)
  2 wargs
  7 swamp drakes
  12 spiders
  A black bear (shapeshifter) (Vaults:5)
  4 porcupines
  39 ogres
  A boring beetle (Lair:6)
  9 yellow wasps
  6 black bears
  3 small abominations (Abyss:1)
  5 centaurs
  An elephant skeleton (Crypt:1)
  6 necrophages
  A swamp dragon zombie (Crypt:3)
  3 ice beasts (Orc:4)
  A phantom (D:9)
  A sky beast (D:9)
  8 crocodiles
  19 orc warriors
  A snapping turtle skeleton (Crypt:1)
  6 boggarts
  A komodo dragon zombie (Crypt:2)
  A yaktaur zombie (Crypt:1)
  A big kobold (D:11)
  12 giant frogs
  7 insubstantial wisps
  Blork the orc (Orc:2)
  A brain worm (D:8)
  2 troll zombies (D:9)
  6 killer bees
  A scorpion (D:5)
  5 wights
  2 crimson imps
  8 orc priests
  3 jellies
  4 quasits
  Crazy Yiuf (D:3)
  3 iguanas
  8 hounds
  14 orc wizards
  4 iron imps (Abyss:1)
  3 orange rats
  A worker ant (D:8)
  5 sheep
  A big kobold zombie (D:14)
  3 ogre zombies
  3 hound skeletons
  Terence (D:3)
  3 mummies
  12 adders
  A giant mite (D:1)
  22 green rats
  2 shadow imps
  A white imp (Abyss:1)
  3 worms (D:13)
  10 ufetubi (Abyss:1)
  4 goblin zombies
  96 orcs
  A ball python (D:6)
  A giant cockroach (D:1)
  6 goblins
  5 hobgoblins
  A jackal (D:1)
  11 kobolds
  An ooze (D:5)
  4 quokkas
  4 bats
  2 giant spores (D:12)
  A goblin simulacrum (Orc:4)
  A goblin skeleton (D:9)
  2 hobgoblin skeletons
  A hobgoblin zombie (D:9)
  3 orc skeletons
  8 orc zombies
  3 rats
  A ballistomycete (D:8)
  A butterfly (Lair:1)
  A crawling corpse (Crypt:3)
  11 fungi
  10 plants
  3 starspawn tentacles (Abyss:1)
1371 creatures vanquished.

Vanquished Creatures (others)
  3 profane servitors
  A golden dragon (Vaults:5)
  8 bone dragons
  A tengu reaver (Vaults:5)
  A ghost moth (Zot:5)
  A spectral orc (Elf:3)
  6 ghouls
  A vampire knight (Depths:3)
  3 spectral sphinxes
  2 vault guards (Vaults:5)
  A quicksilver dragon zombie (Depths:3)
  2 ironheart preservers (Vaults:5)
  A deep elf high priest (Elf:3)
  12 death cobs
  A hydra (Swamp:5)
  A spectral guardian serpent (Vaults:2)
  A hellephant zombie (Abyss:1)
  A titan zombie (Vaults:5)
  2 storm dragon zombies
  9 skeletal warriors
  A ghost moth zombie (Spider:5)
  2 golden dragon zombies (Vaults:5)
  6 flayed ghosts
  4 shadow dragon zombies
  2 tengu zombies (Vaults:5)
  A lindwurm (Swamp:5)
  2 frost giant zombies
  A wolf spider zombie (Spider:5)
  A sphinx zombie (Vaults:2)
  5 phantasmal warriors
  2 moths of wrath (Zot:5)
  7 stone giant zombies
  An iron dragon zombie (Vaults:5)
  3 fire giant zombies (Depths:3)
  An ugly thing (Swamp:5)
  A sixfirhy (Zot:5)
  A red wasp (Spider:2)
  An octopode zombie (Depths:4)
  A centaur zombie (Depths:3)
  An emperor scorpion zombie (Depths:5)
  A grey draconian zombie (Zot:5)
  5 purple draconian zombies
  An iron troll zombie (Depths:5)
  A swamp worm zombie (Swamp:5)
  A merfolk zombie (Depths:3)
  4 ghoul skeletons
  A harpy zombie (Vaults:2)
  A wandering mushroom (Zot:5)
  3 moth of wrath zombies
  A tarantella zombie (Spider:5)
  A jumping spider zombie (Spider:5)
  A blink frog (Abyss:1)
  2 trapdoor spider zombies (Lair:6)
  6 ice dragon zombies
  8 vampires
  3 fire dragon zombies
  4 ettin zombies
  A griffon zombie (Vaults:2)
  15 flying skulls
  3 wraiths
  An air elemental (Vaults:5)
  A fire elemental (Zot:5)
  6 deep elf magi
  4 spriggan zombies
  A hill giant zombie (Vaults:1)
  4 deep troll zombies
  A raven zombie (Swamp:4)
  A spiny frog zombie (Swamp:4)
  An ogre (Vaults:5)
  2 elephant zombies (Lair:6)
  2 blink frog zombies (Lair:4)
  2 fire drake zombies (Swamp:5)
  3 vampire mosquito zombies
  A torpor snail zombie (Depths:5)
  12 lost souls
  A komodo dragon zombie (Lair:8)
  4 yaktaur zombies
  A salamander zombie (Depths:5)
  5 water moccasin zombies
  7 yak zombies
  A hippogriff zombie (Lair:6)
  A troll zombie (Orc:4)
  3 polar bear zombies (IceCv)
  3 raiju zombies (Abyss:1)
  2 wights
  7 giant frog zombies
  6 wolf zombies (IceCv)
  A yellow wasp zombie (Depths:3)
  An electric eel (Zot:5)
  A boring beetle zombie (Lair:6)
  20 elf zombies
  2 two-headed ogre zombies
  A black bear zombie (D:8)
  2 porcupine zombies
  2 killer bee zombies
  A two-headed ogre skeleton (Depths:3)
  A crocodile zombie (Lair:8)
  21 ogre zombies
  A hound zombie (Lair:2)
  An ogre skeleton (Lab)
  4 worker ant zombies
  2 swamp drake zombies (Swamp:5)
  A scorpion zombie (D:5)
  An adder (Lair:4)
  An ufetubus (Abyss:1)
  2 sheep skeletons (Lair:8)
  A sheep zombie (Lair:2)
  An adder skeleton (D:12)
  2 adder zombies
  An iguana zombie (D:4)
  30 orc zombies
  3 green rat zombies (Lair:2)
  29 human zombies
  2 giant cockroach zombies
  A giant spore (D:8)
  A goblin skeleton (D:3)
  3 goblin zombies
  4 hobgoblin zombies
  A jackal zombie (D:6)
  A kobold skeleton (D:2)
  8 kobold zombies
  A lurking horror (Abyss:1)
  3 orc skeletons
  A rat skeleton (D:6)
  2 fungi
  9 plants
  17 starspawn tentacles (Abyss:1)
  59 starspawn tentacle segments (Abyss:1)
494 creatures vanquished.

Grand Total: 3668 creatures vanquished
